AoeStats
← Horizon

Arabia

507722771Analyzed
1v1 RM · 13d ago on Sep 19, 2026· 15m 39s· 2 players
Game mode
Random Map
Map size
Tiny (2 player)
Population
200
Speed
Normal
Resources
Standard
Victory
Conquest
Starting age
Dark Age
Ending age
Imperial Age
RankedLock teamsTeams togetherTeam positionsShared explorationLock speedFull tech treeHidden civsTurbo modeCheats
Victory
Defeat
🇵🇰 Cumans · Pakistan
1477
+14
🇦🇺 Maya · Australia
1435
-14
12R
0:26 Loom
8:55 Feudal Age
10:47 Double-Bit Axe
13:55 Horse Collar
14:48 Padded Archer Armor
Horizon
5:34 Loom
9:13 Feudal Age
9:25 Man-at-Arms
13:10 Fletching
Connection lost

Rejoining the realm…

Still unreachable

The connection could not be restored.

Session expired

The server has moved on; the page needs a fresh start.